[Event "*** SCC Grand Prix: Titled Tuesday Blitz"]
[Site "Chess.com"]
[Date "2020.06.02"]
[Round "5"]
[White "Irishchessman16"]
[Black "Carnivoras"]
[Result "0-1"]
[WhiteElo "2417"]
[BlackElo "2612"]
[TimeControl "180+1"]
[EndTime "10:56:50 PDT"]
[Termination "Carnivoras won by resignation"]

1. e4 e5 2. Nf3 Nc6 3. d4 exd4 4. Nxd4 Nf6 5. Nxc6 bxc6 6. e5 Nd5 7. c4 Qe7 8.
cxd5 Qxe5+ 9. Be2 cxd5 10. O-O Be7 11. Re1 c6 12. Bd3 Qf6 13. Qe2 d6 14. b3 Be6 15.
Bb2 Qh6 16. Na3 O-O 17. Nc2 c5 18. Ne3 Bf6 19. Rad1 Bxb2 20. Qxb2 d4 21. Nf5 Bxf5 22.
Bxf5 g6 23. Be4 Rae8 24. g3 Re7 25. Bd5 Rfe8 26. Rxe7 Rxe7 27. f4 Qh5 28. Rxd4 cxd4 29.
Qxd4 Re1+ 30. Kg2 Re2+ 31. Kf1 Rxh2 0-1

[Event "*** SCC Grand Prix: Titled Tuesday Blitz"]
[Site "Chess.com"]
[Date "2020.06.02"]
[Round "5"]
[White "Kapibara_Warri0r"]
[Black "ChessBitl"]
[Result "0-1"]
[WhiteElo "2126"]
[BlackElo "2328"]
[TimeControl "180+1"]
[EndTime "10:56:51 PDT"]
[Termination "ChessBitl won on time"]

1. e4 c5 2. Nf3 Nc6 3. d4 cxd4 4.
Nxd4 g6 5. Be3 Nf6 6. Nc3 Bg7 7.
f3 O-O 8. Qd2 d5 9. Nxc6 bxc6 10. e5 Nd7 11. f4 f6 12. Nxd5 fxe5 13. Bc4 Kh8 14. Nc3 exf4 15. Bd4 e5 16. Bf2 Qa5 17. O-O Nf6 18. Qd6 Ba6 19. Bxa6 Qxa6 20. Qxe5 Ng4 21. Qe4 Nxf2 22. Rxf2 Rae8 23. Qb4 f3 24. Rxf3 Rxf3 25. gxf3 Qc8 26. Ne4 Qh3 27.
Qb3 Bd4+ 28. Kh1 Qh4 0-1

[Event "*** SCC Grand Prix: Titled Tuesday Blitz"]
[Site "Chess.com"]
[Date "2020.06.02"]
[Round "5"]
[White "hongnhung1234"]
[Black "Godzillator"]
[Result "0-1"]
[WhiteElo "2219"]
[BlackElo "2456"]
[TimeControl "180+1"]
[EndTime "10:56:52 PDT"]
[Termination "Godzillator won by resignation"]

1. e4 c6 2. d4 d5 3. f3 dxe4 4.
fxe4 e5 5. Nf3 Be6 6. Nc3 exd4 7.
Nxd4 Bb4 8. Nxe6 Bxc3+ 9. bxc3 Qh4+ 10. g3 Qxe4+ 11. Qe2 Qxe2+ 12. Bxe2 fxe6 13. Bc4 Kd7 14. Bf4 Nf6 15. Rd1+ Nd5 16. O-O Kc8 17. Rfe1 Re8 18. Bxd5 cxd5 19. Rxd5 Nc6 20. Rd6 e5 21. Rd2 Kc7 22.
Rde2 Kd6 23. Rd1+ Kc5 24. Rde1 Kc4 25. Bxe5 Nxe5 26. Rxe5 Rxe5 27. Rxe5 Kxc3 28. Re7 Kxc2 29. Rxb7 a5 30. a4 Ra6 31. Rb5 g6 32. Kf2 Kc3 33.
Ke3 Kc4 34. Kf4 h6 35. h4 Rf6+ 36. Ke5 Rf5+ 37. Ke4 Rxb5 38. axb5 Kxb5 39. Kd3 a4 40. Kc3 Kc5 41. g4 g5 42. h5 Kd5 43. Kb4 Ke4 0-1

[Event "*** SCC Grand Prix: Titled Tuesday Blitz"]
[Site "Chess.com"]
[Date "2020.06.02"]
[Round "5"]
[White "SoltaniciR"]
[Black "nitpicker"]
[Result "1-0"]
[WhiteElo "2456"]
[BlackElo "2219"]
[TimeControl "180+1"]
[EndTime "10:56:53 PDT"]
[Termination "SoltaniciR won by resignation"]

1. e4 c5 2. Nf3 Nc6 3. Nc3 d6 4. d4 cxd4 5. Nxd4 Nf6 6. Bg5 e6 7. Qd2 a6 8. O-O-O Bd7 9. f3 b5 10. Nxc6 Bxc6 11. Kb1 Be7 12. h4 Qb6 13. Ne2 O-O 14. Nd4 Bb7 15. g4 Rfd8 16. Be3 Qc7 17. g5 Nd7 18. g6 Ne5 19. gxf7+ Kxf7 20. Bh3 Bc8 21. Nxe6 Bxe6 22. Bxe6+ Kxe6 23. Qd5+ Kf6 24. Bg5+ Kg6 25. Qe6+ Bf6 26. Bxf6 gxf6 27. Rdg1+ Kh6 28. Qxf6+ Ng6 29. h5 1-0

[Event "*** SCC Grand Prix: Titled Tuesday Blitz"]
[Site "Chess.com"]
[Date "2020.06.02"]
[Round "5"]
[White "TrenerChos"]
[Black "nadirsm"]
[Result "1-0"]
[WhiteElo "2354"]
[BlackElo "2152"]
[TimeControl "180+1"]
[EndTime "10:56:54 PDT"]
[Termination "TrenerChos won on time"]

1. e4 c6 2. d4 d5 3. e5 Bf5 4. Nf3 e6 5. Be2 c5 6. O-O Nc6 7. c4 dxc4 8. Na3 cxd4 9. Bxc4 Bxa3 10. bxa3 Nge7 11. a4 O-O 12. Ba3 Re8 13. Re1 Rc8 14. Bd6 Qa5 15. Bb3 d3 16. Nh4 d2 17. Re3 Bg6 18. g3 Nd4 19. Nxg6 Nxg6 20. h4 Nxb3 21. axb3 Ne7 22. Rd3 1-0

[Event "*** SCC Grand Prix: Titled Tuesday Blitz"]
[Site "Chess.com"]
[Date "2020.06.02"]
[Round "5"]
[White "Fortitudine"]
[Black "andy_rekt"]
[Result "0-1"]
[WhiteElo "2296"]
[BlackElo "2045"]
[TimeControl "180+1"]
[EndTime "10:56:54 PDT"]
[Termination "andy_rekt won by resignation"]

1. c4 e5 2. g3 Nf6 3. Bg2 c6 4. d4 e4 5. Nc3 d5 6. Bg5 Bb4 7. Qb3 Bxc3+ 8. Qxc3 Nbd7 9. cxd5 cxd5 10. Nh3 h6 11.
Bxf6 Nxf6 12. Rc1 O-O 13. O-O Bg4 14. f3 exf3 15. exf3 Bf5 16. Qc7 Qe8 17. Rfe1 Qb5 18.
b3 Rfe8 19. Nf4 g5 20. Qd6 Kg7 21. Nh3 Qa5 22. Rxe8 Rxe8 23. Nf2 Re2 24. Ng4 Bxg4 25. fxg4 Rxg2+ 26. Kxg2 Qd2+ 0-1

[Event "*** SCC Grand Prix: Titled Tuesday Blitz"]
[Site "Chess.com"]
[Date "2020.06.02"]
[Round "5"]
[White "Leonid_Starozhilov"]
[Black "JosefineHeinemann"]
[Result "1/2-1/2"]
[WhiteElo "2717"]
[BlackElo "2563"]
[TimeControl "180+1"]
[EndTime "10:56:55 PDT"]
[Termination "Game drawn by agreement"]

1. e4 e5 2. Nf3 Nc6 3. Bc4 Bc5 4. d3 Nf6 5. Nc3 O-O 6. Be3 Bb6 7. a3 d6 8. h3 Be6 9. O-O Nd4 10. Bxe6 Nxf3+ 11. Qxf3 fxe6 12. Qe2 Qe8 13. Bxb6 axb6 14. f4 exf4 15. Rxf4 e5 16. Rf3 c6 17. Raf1 Qe6 18. Qf2 b5 19.
Rf5 Nd7 20. Qh4 g6 21. Rxf8+ Rxf8 22. Rxf8+ Nxf8 23. Qd8 Qd7 24. Qxd7 Nxd7 25. Ne2 Kg7 26. Kf2 h5 27. Ke3 Kf6 28. Ng1 Nc5 29. b3 Ne6 30. Nf3 g5 31. g3 1/2-1/2

[Event "*** SCC Grand Prix: Titled Tuesday Blitz"]
[Site "Chess.com"]
[Date "2020.06.02"]
[Round "5"]
[White "szefru"]
[Black "Majesth"]
[Result "0-1"]
[WhiteElo "2125"]
[BlackElo "2451"]
[TimeControl "180+1"]
[EndTime "10:56:59 PDT"]
[Termination "Majesth won by resignation"]

1. e4 g6 2. d4 Bg7 3. Nc3 d6 4. Be3 a6 5. Qd2 Nd7 6. O-O-O b5 7. f3 Bb7 8. h4 h5 9. g4 hxg4 10. fxg4 Ngf6 11. Bg2 Nxg4 12. Bg5 c5 13. dxc5 Nxc5 14. Nd5 Bxd5 15. exd5 Na4 16. b3 Nc3 17. Re1 Nxa2+ 18.
Kb1 Nc3+ 19. Kc1 Qa5 20. Rxe7+ Kf8 21. Qe1 Qa1+ 22. Kd2 Nb1+ 23. Ke2 f6 24. Rxg7 Re8+ 0-1

[Event "*** SCC Grand Prix: Titled Tuesday Blitz"]
[Site "Chess.com"]
[Date "2020.06.02"]
[Round "5"]
[White "monalize"]
[Black "Marty435"]
[Result "0-1"]
[WhiteElo "2290"]
[BlackElo "2438"]
[TimeControl "180+1"]
[EndTime "10:56:59 PDT"]
[Termination "Marty435 won by resignation"]

1. e4 c6 2. Nc3 d5 3. d4 dxe4 4. Nxe4 Nd7 5. Ng5 Ngf6 6. Bc4 e6 7. Qe2 Nb6 8. Bb3 h6 9. N5f3 c5 10. Be3 Qc7 11. c3 Nbd5 12. O-O-O Bd6 13. dxc5 Bxc5 14.
Bxc5 Qxc5 15. Ne5 O-O 16. Ngf3 a5 17. a4 b5 18. Qxb5 Qxf2 19. Rd2 Qa7 20. Qe2 Ba6 21. Qf2 Qb7 22. Bc2 Rab8 23. Kd1 Kh8 24. c4 Qxb2 25.
cxd5 Qa1+ 0-1

[Event "*** SCC Grand Prix: Titled Tuesday Blitz"]
[Site "Chess.com"]
[Date "2020.06.02"]
[Round "5"]
[White "ehrenfeld"]
[Black "ElGasanov"]
[Result "0-1"]
[WhiteElo "2437"]
[BlackElo "2738"]
[TimeControl "180+1"]
[EndTime "10:57:02 PDT"]
[Termination "ElGasanov won on time"]

1. e4 c5 2. d3 Nc6 3. f4 Nf6 4. Nf3 d5 5. e5 Ng4 6. h3 Nh6 7. g4 Ng8 8. Bg2 h5 9. gxh5 Rxh5 10. Nc3 e6 11. Ne2 Rh8 12. Be3 Nh6 13. Qd2 Nf5 14. Bf2 b6 15. c4 dxc4 16. dxc4 Qxd2+ 17. Kxd2 Bb7 18. Rhg1 O-O-O+ 19. Kc3 Nb4 20. Rgd1 Nxa2+ 21. Kb3 Rxd1 22. Rxd1 Nb4 23. Rh1 Be7 24. Nc3 Nd3 0-1

[Event "*** SCC Grand Prix: Titled Tuesday Blitz"]
[Site "Chess.com"]
[Date "2020.06.02"]
[Round "5"]
[White "Lubov_Gordyk"]
[Black "eightbyeightchess"]
[Result "1-0"]
[WhiteElo "2580"]
[BlackElo "2401"]
[TimeControl "180+1"]
[EndTime "10:57:03 PDT"]
[Termination "Lubov_Gordyk won by resignation"]

1. e4 e6 2. d3 d5 3. Be2 Nf6 4. e5 Nfd7 5. f4 c5 6. Nf3 Nc6 7. O-O f6 8. c4 fxe5 9. cxd5 exd5 10. Nxe5 Ndxe5 11. fxe5 Nxe5 12. d4 cxd4 13. Qxd4 Qb6 14.
Be3 Qxd4 15. Bxd4 Nc6 16. Bh5+ Kd8 17. Bf2 Be6 18. Nc3 Kc7 19. Rfd1 Rd8 20. Nb5+ Kb8 21. Bg3+ Kc8 22. Rac1 a6 23. Nc7 Bf5 24. Nxd5 Rxd5 25. Rxd5 Be6 26. Rdd1 Bb4 27. Bf3 Bd7 28. a3 Ba5 29. b4 Bc7 30. Bxc7 Kxc7 31. a4 1-0

[Event "*** SCC Grand Prix: Titled Tuesday Blitz"]
[Site "Chess.com"]
[Date "2020.06.02"]
[Round "5"]
[White "yamalchess"]
[Black "Mimsychess"]
[Result "1-0"]
[WhiteElo "2467"]
[BlackElo "2262"]
[TimeControl "180+1"]
[EndTime "10:57:06 PDT"]
[Termination "yamalchess won by resignation"]

1. d4 Nf6 2. c4 g6 3. Nc3 Bg7 4. e4 d6 5. h3 O-O 6. Bg5 c5 7. d5 h6 8. Be3 e6 9. Qd2 exd5 10.
exd5 Re8 11. Bd3 Nbd7 12. Nf3 a6 13. O-O g5 14. a4 Nh5 15. Rfe1 Ne5 16. Nxe5 Bxe5 17.
Bc2 f5 18. g4 Nf4 19. Bxf4 Bxf4 20. Qd3 Rf8 21. Re6 Bxe6 22. dxe6 Qf6 23. gxf5 Rae8 24.
Nd5 Qd4 25. Qxd4 cxd4 26. Re1 Kg7 27. e7 Rf7 28. Re6 g4 29. f6+ Rxf6 30. Rxf6 Bg5 31. Rxd6 gxh3 32. f4 Bh4 33. Kh2 1-0

[Event "*** SCC Grand Prix: Titled Tuesday Blitz"]
[Site "Chess.com"]
[Date "2020.06.02"]
[Round "5"]
[White "GMaka"]
[Black "lidiyato"]
[Result "1-0"]
[WhiteElo "2343"]
[BlackElo "2111"]
[TimeControl "180+1"]
[EndTime "10:57:06 PDT"]
[Termination "GMaka won by resignation"]

1. b3 e5 2. Bb2 Nc6 3. e3 g6 4. Bb5 Bg7 5. f4 d6 6. Nf3 Bd7 7. O-O Nge7 8. fxe5 dxe5 9. e4 O-O 10. d3 a6 11. Bxc6 Nxc6 12. Nbd2 b5 13. Re1 Qe7 14. Nf1 Qc5+ 15. Kh1 Nd4 16. Ne3 c6 17. a4 Rad8 18. Ba3 b4 19. Bb2 a5 20. Nc4 Bg4 21. Bxd4 exd4 22. Qd2 Qh5 23. Qf4 Bh6 24. Qg3 f5 25. e5 f4 26. Qf2 g5 27. e6 Rde8 28. Nxd4 Bf5 29. Nxf5 Rxf5 30. Nd6 1-0

[Event "*** SCC Grand Prix: Titled Tuesday Blitz"]
[Site "Chess.com"]
[Date "2020.06.02"]
[Round "5"]
[White "ega2006"]
[Black "Girkassa"]
[Result "0-1"]
[WhiteElo "2378"]
[BlackElo "2552"]
[TimeControl "180+1"]
[EndTime "10:57:08 PDT"]
[Termination "Girkassa won by resignation"]

1. e4 e5 2. Nf3 Nc6 3. Bc4 Nf6 4. d3 Be7 5. O-O O-O 6. c3 d5 7.
exd5 Nxd5 8. Re1 Bg4 9. h3 Bxf3 10. Qxf3 Nb6 11. Bb5 Qd6 12. Nd2 Rad8 13. Ne4 Qg6 14. Be3 Nd5 15. Rad1 f5 16. Nc5 f4 17. Bd4 exd4 18. Ne6 dxc3 19. Nxf8 Kxf8 20. bxc3 Nxc3 21. Qxf4+ Qf6 0-1

[Event "*** SCC Grand Prix: Titled Tuesday Blitz"]
[Site "Chess.com"]
[Date "2020.06.02"]
[Round "5"]
[White "gumimis"]
[Black "AlexOstrovskiy"]
[Result "0-1"]
[WhiteElo "2136"]
[BlackElo "2520"]
[TimeControl "180+1"]
[EndTime "10:57:08 PDT"]
[Termination "AlexOstrovskiy won by resignation"]

1. e4 c6 2. d4 d5 3. Nc3 dxe4 4. Nxe4 Nf6 5. Nxf6+ exf6 6. c3 Bd6 7. Bd3 O-O 8. Qc2 Re8+ 9. Ne2 h5 10. Be3 Nd7 11. O-O h4 12. h3 Nf8 13. Rae1 Bc7 14. Qb3 b5 15. Bf4 Be6 16. Qc2 Bd5 17. b3 Rxe2 18.
Bxc7 Rxc2 19. Bxd8 Rxc3 20. Ba5 Rxd3 21. Re7 Ne6 22. f4 Rxd4 23. f5 Ng5 24. Rfe1 b4 25. Re8+ Rxe8 26. Rxe8+ Kh7 27. Re2 Ne4 0-1

[Event "*** SCC Grand Prix: Titled Tuesday Blitz"]
[Site "Chess.com"]
[Date "2020.06.02"]
[Round "5"]
[White "biaf13"]
[Black "CrazyMartian"]
[Result "0-1"]
[WhiteElo "2000"]
[BlackElo "2297"]
[TimeControl "180+1"]
[EndTime "10:57:09 PDT"]
[Termination "CrazyMartian won by resignation"]

1. e4 c5 2. Nf3 d6 3. d4 cxd4 4. Nxd4 Nf6 5. Nc3 a6 6. Be3 e5 7. Nb3 Be7 8. f3 Be6 9. Qd2 O-O 10. O-O-O a5 11. Kb1 a4 12. Nc1 a3 13. b3 Ra5 14.
g4 d5 15. exd5 Nxd5 16. Nxd5 Rxd5 17. Bd3 Nc6 18. Qe2 Qa5 19. Bd2 Bb4 20. Bxb4 Qxb4 21. Qd2 Qd4 22. c3 Qc5 23. Qc2 h6 24. Be4 Rxd1 25.
Rxd1 Rd8 26. Rxd8+ Nxd8 27. Qd2 Nc6 28. Bxc6 bxc6 29.
Qd8+ Kh7 30. Qd3+ g6 31. h4 Kg7 32. h5 e4 33. fxe4 gxh5 34. gxh5 Qxh5 35. Qd4+ Kh7 36. Qb4 Qf3 37. Qxa3 Qxe4+ 38. Ka1 Bf5 39. Qb2 h5 40.
Ne2 h4 41. Nd4 Qe1+ 0-1

[Event "*** SCC Grand Prix: Titled Tuesday Blitz"]
[Site "Chess.com"]
[Date "2020.06.02"]
[Round "5"]
[White "robertofabregas"]
[Black "Kopytkin"]
[Result "0-1"]
[WhiteElo "2052"]
[BlackElo "2316"]
[TimeControl "180+1"]
[EndTime "10:57:11 PDT"]
[Termination "Kopytkin won by resignation"]

1. c4 c6 2. Nf3 d5 3. g3 g6 4. Bg2 Bg7 5. O-O d4 6. d3 e5 7. b4 Ne7 8. a4 a5 9. b5 Nd7 10. Na3 O-O 11. Rb1 c5 12. e3 Rb8 13.
exd4 cxd4 14. Re1 f6 15. Qb3 Nc5 16. Qc2 Bf5 17. Rd1 b6 18. Nh4 Be6 19. Re1 Qd7 20. f4 exf4 21. gxf4 Rfe8 22. Re2 Qd6 23. Bd2 Nf5 24.
Nxf5 Bxf5 25. Bd5+ Kf8 26. Be4 Bxe4 27. dxe4 d3 0-1

[Event "*** SCC Grand Prix: Titled Tuesday Blitz"]
[Site "Chess.com"]
[Date "2020.06.02"]
[Round "5"]
[White "SantoBlue"]
[Black "manitodeplomo"]
[Result "1-0"]
[WhiteElo "2786"]
[BlackElo "2604"]
[TimeControl "180+1"]
[EndTime "10:57:13 PDT"]
[Termination "SantoBlue won by checkmate"]

1. e4 c5 2. Nf3 e6 3. Nc3 a6 4. g3 b5 5. d4 cxd4 6. Nxd4 Bb7 7. Bg2 Ne7 8. O-O Nec6 9. Nb3 d6 10. f4 Be7 11.
Be3 O-O 12. g4 Nd7 13. g5 Re8 14. Qh5 g6 15. Qh4 Bf8 16. Rad1 b4 17. Ne2 a5 18. Rf3 a4 19. Rh3 h5 20. Nd2 Bg7 21. Ng3 Nf8 22. Nc4 d5 23. exd5 exd5 24. Bxd5 Rxe3 25. Nxe3 Qb6 26.
Nxh5 gxh5 27. Qxh5 Nd8 28. Bxb7 Nxb7 29. f5 Re8 30.
Re1 Bd4 31. f6 Bxe3+ 32. Rexe3 Qxe3+ 33. Rxe3 Rxe3 34. Qh6 Ne6 35. g6 Re5 36. Qh7+ Kf8 37. Qxf7# 1-0

[Event "*** SCC Grand Prix: Titled Tuesday Blitz"]
[Site "Chess.com"]
[Date "2020.06.02"]
[Round "5"]
[White "HansCoolNiemann"]
[Black "letsgoband"]
[Result "1-0"]
[WhiteElo "2815"]
[BlackElo "2439"]
[TimeControl "180+1"]
[EndTime "10:57:14 PDT"]
[Termination "HansCoolNiemann won by resignation"]

1. Nf3 Nf6 2. c4 g6 3. b3 Bg7 4. Bb2 O-O 5. e3 d6 6. d4 Nbd7 7. Be2 Re8 8. O-O c6 9. Nc3 Qa5 10. a3 e5 11. b4 Qc7 12. c5 d5 13. dxe5 Nxe5 14. Nd4 h5 15. h3 Qe7 16. Qc2 Bd7 17. Rae1 a5 18. f4 Nc4 19. Bxc4 dxc4 20. e4 axb4 21.
axb4 b6 22. e5 Nd5 23. Ne4 Nxb4 24. Qxc4 bxc5 25. Nxc5 Rab8 26. f5 Bxf5 27. Rxf5 gxf5 28. Nxf5 Qg5 29. Nxg7 Qxg7 30. e6 f6 31. Nd7 Nd5 32.
Nxb8 Rxb8 33. Qxc6 Nf4 34. e7 Rxb2 35. e8=Q+ Kh7 36.
Qee4+ Ng6 37. Qcd5 Rb6 1-0

[Event "*** SCC Grand Prix: Titled Tuesday Blitz"]
[Site "Chess.com"]
[Date "2020.06.02"]
[Round "5"]
[White "TokChess"]
[Black "SophieNikoladze"]
[Result "1-0"]
[WhiteElo "2357"]
[BlackElo "2157"]
[TimeControl "180+1"]
[EndTime "10:57:14 PDT"]
[Termination "TokChess won by resignation"]

1. Nf3 d5 2. g3 Nf6 3. Bg2 b6 4. O-O Bb7 5. d4 e6 6. c4 Bd6 7. Nc3 a6 8. Ne5 O-O 9. Bf4 Ne4 10. Rc1 f6 11. Nd3 dxc4 12. Nxe4 cxd3 13. Qxd3 Bxf4 14. gxf4 Bd5 15. Rc3 Nd7 16. Rfc1 Rc8 17. Qxa6 Ra8 18. Qd3 Rxa2 19. Rxc7 Rxb2 20. e3 Qe8 21. Qc3 Rb3 22. Qc2 Nb8 23. Nc3 Bxg2 24. Kxg2 Ra3 25. Ne4 Ra5 26.
Ng3 Na6 27. Rb7 Qa8 28. Qe4 Kh8 29. Kg1 Rb5 30. Re7 Nb4 31. Qxa8 Rxa8 32. Rxe6 Nd3 33.
Rc3 Nb2 34. Kg2 Kg8 35. Re7 Kf8 36. Rcc7 Nd1 37. Rxg7 Ke8 38. Rxh7 Kd8 39. Rcg7 1-0

[Event "*** SCC Grand Prix: Titled Tuesday Blitz"]
[Site "Chess.com"]
[Date "2020.06.02"]
[Round "5"]
[White "Shubinkirill2003"]
[Black "Sanyura"]
[Result "1-0"]
[WhiteElo "2719"]
[BlackElo "2529"]
[TimeControl "180+1"]
[EndTime "10:57:15 PDT"]
[Termination "Shubinkirill2003 won on time"]

1. e4 c5 2. Nf3 e6 3. g3 Nc6 4. Bg2 d5 5. exd5 exd5 6. d4 Bd6 7. O-O Nge7 8. dxc5 Bxc5 9. Nbd2 O-O 10. Nb3 Bb6 11.
Nfd4 Nf5 12. Nxf5 Bxf5 13. c3 Be4 14. Bf4 Qf6 15. Qd2 Bxg2 16. Kxg2 d4 17. c4 Qe6 18. Rac1 Rfe8 19. Rfe1 Qf5 20. c5 Qd5+ 21. Kg1 Rxe1+ 22. Qxe1 d3 23. cxb6 g5 24. Rc5 Qd7 25. Rxg5+ Kf8 26. Qc3 1-0

[Event "*** SCC Grand Prix: Titled Tuesday Blitz"]
[Site "Chess.com"]
[Date "2020.06.02"]
[Round "5"]
[White "Roza_Idrisova"]
[Black "51616516516"]
[Result "0-1"]
[WhiteElo "2169"]
[BlackElo "2372"]
[TimeControl "180+1"]
[EndTime "10:57:15 PDT"]
[Termination "51616516516 won by resignation"]

1. d4 Nf6 2. Nf3 g6 3. c4 Bg7 4.
Nc3 d6 5. e4 O-O 6. Be2 e5 7. O-O Nc6 8. d5 Ne7 9. b4 Nh5 10. g3 f5 11. c5 h6 12. cxd6 cxd6 13. Nh4 Nf6 14. Bf3 fxe4 15. Nxe4 g5 16. Nxf6+ Bxf6 17. Ng2 e4 18. Bxe4 Bxa1 19. Bxg5 Bg7 20. Bf4 Nf5 21. Qh5 Qe8 22. Qf3 Nd4 23. Qd3 Bf5 24. Bxf5 Nxf5 25. Re1 Qf7 26. Re6 Rae8 27. Qe4 Nd4 28.
Rxe8 Rxe8 29. Qd3 Qxd5 30. h4 Nf3+ 0-1

[Event "*** SCC Grand Prix: Titled Tuesday Blitz"]
[Site "Chess.com"]
[Date "2020.06.02"]
[Round "5"]
[White "GoltsevDmitry2000"]
[Black "jefferyx"]
[Result "0-1"]
[WhiteElo "2644"]
[BlackElo "2927"]
[TimeControl "180+1"]
[EndTime "10:57:16 PDT"]
[Termination "jefferyx won by checkmate"]

1. e4 c5 2. Nf3 e6 3. d4 cxd4 4. Nxd4 Nc6 5. Nc3 a6 6. Be2 Qc7 7. Be3 Nf6 8. O-O b5 9. a3 Bb7 10. f3 Ne5 11. Nb3 d5 12. exd5 Nxd5 13. Nxd5 Bxd5 14.
Qd4 Rd8 15. Qb6 Qxc2 16. Nd4 Qc8 17. Rac1 Bc4 18. Nxb5 axb5 19. Bxc4 bxc4 20. Qb5+ Nd7 21. Rxc4 Qb8 22. Qc6 Qxb2 23. Rd1 Qe2 24. Rdd4 Qe1# 0-1

[Event "*** SCC Grand Prix: Titled Tuesday Blitz"]
[Site "Chess.com"]
[Date "2020.06.02"]
[Round "5"]
[White "suyu28"]
[Black "fodorpoti"]
[Result "0-1"]
[WhiteElo "2580"]
[BlackElo "2762"]
[TimeControl "180+1"]
[EndTime "10:57:16 PDT"]
[Termination "fodorpoti won by resignation"]

1. d4 d5 2. c4 e6 3. Nf3 c6 4. cxd5 exd5 5. Nc3 Nf6 6. Bg5 Bd6 7.
e3 Bg4 8. Be2 Nbd7 9. O-O O-O 10. a3 Re8 11. Qc2 h6 12. Bh4 Bh5 13. Rab1 Qc7 14.
Bg3 Bxg3 15. hxg3 Qd6 16. Rfc1 Bg6 17. Bd3 Ne4 18. Ne2 Qe7 19. b4 Nxf2 20. Bxg6 Qxe3 21.
Bh7+ Kh8 22. Kf1 Ng4 23. Nf4 Ndf6 24. Re1 Qxa3 25. Bf5 Ne3+ 26. Rxe3 Rxe3 27. Ne5 Kg8 28. Kf2 Re8 29. Nfd3 Re4 30. Bxe4 dxe4 31. Nf4 Rxe5 32. dxe5 Ng4+ 33. Kg1 Qe3+ 34. Kh1 Qxg3 35. Kg1 Qh2+ 36. Kf1 Ne3+ 0-1

[Event "*** SCC Grand Prix: Titled Tuesday Blitz"]
[Site "Chess.com"]
[Date "2020.06.02"]
[Round "5"]
[White "AsaHoffmann"]
[Black "HElissalt"]
[Result "1-0"]
[WhiteElo "2461"]
[BlackElo "2229"]
[TimeControl "180+1"]
[EndTime "10:57:16 PDT"]
[Termination "AsaHoffmann won by resignation"]

1. d4 f5 2. Nc3 Nf6 3. Bg5 d5 4. f3 e6 5. e4 Be7 6. exf5 exf5 7. Bd3 O-O 8. Nge2 c6 9. Qd2 Nh5 10. h4 Be6 11. O-O-O Nd7 12. Rde1 Ndf6 13. Nf4 Nxf4 14. Qxf4 Bd6 15. Qd2 Qd7 16. Ne2 Nh5 17. Nf4 Nxf4 18. Bxf4 Rae8 19. Be5 Bxe5 20. Rxe5 Qd6 21. Rhe1 Bd7 22. Qf4 Rxe5 23. Rxe5 Qh6 24. Qxh6 gxh6 25. g3 Kg7 26. Kd2 Kf6 27. Ke3 Rc8 28.
Kf4 c5 29. Bxf5 Bxf5 30. Rxf5+ Ke6 31. dxc5 Rxc5 32. Re5+ Kd6 33. Re2 Rc4+ 34. Kf5 Ra4 35. a3 Ra6 36. Re6+ 1-0

[Event "*** SCC Grand Prix: Titled Tuesday Blitz"]
[Site "Chess.com"]
[Date "2020.06.02"]
[Round "5"]
[White "swimmerchess"]
[Black "DeGrootteZ"]
[Result "1-0"]
[WhiteElo "2825"]
[BlackElo "2622"]
[TimeControl "180+1"]
[EndTime "10:57:18 PDT"]
[Termination "swimmerchess won by resignation"]

1. e4 c5 2. Nf3 d6 3. d4 cxd4 4. Nxd4 Nf6 5. Nc3 a6 6. Bg5 Nc6 7.
f4 Qb6 8. Nb3 e6 9. Qe2 Be7 10.
O-O-O Qc7 11. g4 b5 12. a3 Rb8 13. Bg2 b4 14. axb4 Rxb4 15. Rhe1 O-O 16. Kb1 a5 17. e5 dxe5 18. Bxc6 exf4 19. Ba4 Bb7 20. Rd4 f3 21. Qd2 Nxg4 22. Rd7 Bxg5 23. Qxg5 Qb6 24. h3 f2 25. Rf1 Nh2 26. Rxb7 Nxf1 27. Rxb6 Nh2 28. Bb5 Rxb5 29. Qxb5 h5 1-0

[Event "*** SCC Grand Prix: Titled Tuesday Blitz"]
[Site "Chess.com"]
[Date "2020.06.02"]
[Round "5"]
[White "WeAintSurePal"]
[Black "Mikedannnn"]
[Result "1-0"]
[WhiteElo "2265"]
[BlackElo "2446"]
[TimeControl "180+1"]
[EndTime "10:57:18 PDT"]
[Termination "WeAintSurePal won by checkmate"]

1. d4 Nf6 2. c4 c5 3. d5 e6 4. Nc3 exd5 5. cxd5 Bd6 6. Nf3 O-O 7. g3 Re8 8. Bg2 Bc7 9. O-O d6 10. a4 a6 11. h3 Nbd7 12. Bf4 Rb8 13. Qd3 Nf8 14. e4 Ng6 15. Bd2 Bd7 16. Rfe1 b5 17. axb5 axb5 18.
e5 dxe5 19. d6 Bb6 20. Bg5 c4 21. Qd2 h6 22. Bxf6 Qxf6 23. Rad1 Qe6 24. Nd5 Bc6 25. Nxb6 Rxb6 26. Nd4 Qxd6 27. Nxc6 Qxd2 28. Rxd2 Nf8 29. Rxe5 Ne6 30. Bd5 Kf8 31. Rde2 b4 32. Bxe6 Rxc6 33.
Bd7 Rxe5 34. Rxe5 Rd6 35. Re8# 1-0

[Event "*** SCC Grand Prix: Titled Tuesday Blitz"]
[Site "Chess.com"]
[Date "2020.06.02"]
[Round "5"]
[White "HarutyunianTigranK"]
[Black "chessplayer9919"]
[Result "0-1"]
[WhiteElo "2699"]
[BlackElo "2521"]
[TimeControl "180+1"]
[EndTime "10:57:19 PDT"]
[Termination "chessplayer9919 won by resignation"]

1. c4 e5 2. Nc3 Nf6 3. Nf3 Nc6 4. e4 Bb4 5. d3 O-O 6. g3 d6 7. Bg2 Nd4 8. h3 c6 9. O-O Nxf3+ 10.
Qxf3 h6 11. a3 Ba5 12. b4 Bc7 13. Bb2 Be6 14. Rad1 Nh7 15. Qe2 Qd7 16. Kh2 f5 17. exf5 Bxf5 18. d4 exd4 19. Rxd4 Rae8 20. Qd1 Ng5 21.
h4 Nf7 22. Ne4 Qe6 23. Nd2 Bb6 24. Rf4 Bd3 25. Rh1 Ne5 26. c5 dxc5 27. Rxf8+ Rxf8 28. bxc5 Ng4+ 29. Kg1 Bxc5 30. Bh3 Bxf2+ 31. Kg2 Qd5+ 32.
Nf3 Ne3+ 33. Kxf2 Nxd1+ 0-1

[Event "*** SCC Grand Prix: Titled Tuesday Blitz"]
[Site "Chess.com"]
[Date "2020.06.02"]
[Round "5"]
[White "Sunnika"]
[Black "IwkooO"]
[Result "0-1"]
[WhiteElo "2396"]
[BlackElo "2566"]
[TimeControl "180+1"]
[EndTime "10:57:19 PDT"]
[Termination "IwkooO won on time"]

1. d4 Nf6 2. Nf3 e6 3. c4 c5 4. d5 b5 5. dxe6 fxe6 6. cxb5 d5 7. Bf4 a6 8. e3 Bd6 9. Nc3 Bxf4 10. exf4 d4 11. Nb1 O-O 12. bxa6 Nxa6 13. Bc4 Qd6 14. g3 Bb7 15. O-O Qc6 16. Nbd2 Ne4 17. Nxe4 Qxe4 18. Be2 d3 19. Qxd3 Qxd3 20. Bxd3 Bxf3 21. Rfe1 Bd5 22. a3 c4 23. Be4 Nc5 24. Bc2 Rfb8 25. Rab1 g6 26. h3 Rb6 27. Re2 Rab8 28. Bd1 Nd3 29. b4 cxb3 30. Rd2 Nc5 31. f3 b2 32. Kf2 Ba2 0-1

[Event "*** SCC Grand Prix: Titled Tuesday Blitz"]
[Site "Chess.com"]
[Date "2020.06.02"]
[Round "5"]
[White "SaqoChess_Twitch"]
[Black "PauloCesarCosta_sad"]
[Result "1-0"]
[WhiteElo "2402"]
[BlackElo "2187"]
[TimeControl "180+1"]
[EndTime "10:57:21 PDT"]
[Termination "SaqoChess_Twitch won on time"]

1. d4 d5 2. c4 c6 3. Nc3 e6 4. e3 Nd7 5. Nf3 Ngf6 6. Bd3 Bd6 7. O-O O-O 8. e4 dxe4 9. Nxe4 Nxe4 10. Bxe4 e5 11. dxe5 Nxe5 12. Nxe5 Bxe5 13. Bxh7+ Kxh7 14. Qh5+ Kg8 15. Qxe5 Re8 16. Qc3 Bf5 17. b3 Qd3 18.
Bb2 Qxc3 19. Bxc3 Re2 20. Rfe1 Rae8 21. f3 c5 22. a3 Bc2 23. b4 Bb3 24. bxc5 Bxc4 25.
Rab1 Rxe1+ 26. Rxe1 Rxe1+ 27. Bxe1 f6 28. Kf2 Kf7 29.
Ke3 Ke6 30. Kd4 Bb5 31. g3 Bc6 32. Bd2 a6 33. f4 Bb5 34. Ba5 Bc6 35. Bc7 Bb5 36.
Bd6 Bc6 37. h4 Bf3 38. Ke3 Bc6 39. g4 g6 40. h5 gxh5 41. gxh5 Kf5 42. Be7 Be8 43. h6 Kg6 44. Bf8 f5 45. Kd4 1-0